 Dungeon Crawl Stone Soup version 0.30-a0-702-gdf48620a09 (webtiles) character file.

Game seed: 6628872333987419543

987 Leeroy the Carver (level 8, -7/44 HPs)
             Began as a Tengu Warper on Jan 21, 2023.
             Killed by divine providence
             ... invoked by an orc priest
              (16 damage)
             ... on level 5 of the Dungeon.
             The game lasted 00:06:35 (3662 turns).

Leeroy the Carver (Tengu Warper)                    Turns: 3662, Time: 00:06:36

Health: -7/44      AC: 14    Str: 13    XL:     8   Next: 18%
Magic:  12/12      EV:  5    Int: 13    God:
Gold:   212        SH:  0    Dex: 15    Spells: 6/11 levels left

rFire   . . .      SeeInvis .    c - +0 scimitar
rCold   . . .      Faith    .    (no shield)
rNeg    + . .      Spirit   .    j - +3 plate armour
rPois   .          Reflect  .    (helmet restricted)
rElec   .          Harm     .    (no cloak)
rCorr   .          Rampage  .    (no gloves)
Will    +....                    (boots unavailable) Stlth
                                 (no amulet)
HPRegen 0.27/turn                e - ring of willpower
MPRegen 0.13/turn                z - ring of positive energy

@: flying quickly and evasively, quick
A: beak, talons 3, nimble flight
a: no special abilities


You were on level 5 of the Dungeon.
You visited 1 branch of the dungeon, and saw 6 of its levels.

You collected 212 gold pieces.

Inventory:

Hand Weapons
 a - a +0 falchion
 c - a +0 scimitar (weapon)
 p - a +1 falchion
 s - a +0 dagger of draining
Missiles
 d - 5 boomerangs of dispersal (quivered)
 k - 4 javelins
 o - 7 poisoned darts
Armour
 b - a +0 leather armour
 j - a +3 plate armour (worn)
Jewellery
 e - a ring of willpower (left hand)
 z - a ring of positive energy (right hand)
Wands
 r - a wand of mindburst (11)
 w - a wand of charming (11)
Scrolls
 f - a scroll of enchant weapon {unknown}
 g - a scroll of poison {unknown}
 h - 2 scrolls of noise {unknown}
 i - a scroll of silence {unknown}
 l - 3 scrolls of teleportation {unknown}
 q - 2 scrolls of vulnerability {unknown}
 t - a scroll of fog {unknown}
 u - 3 scrolls of identify {unknown}
 y - a scroll of immolation {unknown}
Potions
 m - 4 potions of lignification
 n - a potion of curing {unknown}
 v - a potion of flight {unknown}


   Skills:
 - Level 2.0 Fighting
 + Level 9.6 Long Blades
 - Level 1.0 Throwing
 * Level 3.5 Armour
 - Level 2.1 Dodging
 - Level 2.0 Spellcasting
 - Level 2.4 Translocations
 - Level 0.3 Evocations


You had 6 spell levels left.
You knew the following spells:

 Your Spells              Type           Power      Damage    Failure   Level
a - Blink                 Tloc           14%        N/A       100%        2
b - Vhi's Electric Charg  Tloc/Air       8%         N/A       100%        3

Your spell library contained the following spells:

 Spells                   Type           Power      Damage    Failure   Level
 Lesser Beckoning         Tloc           14%        N/A       100%        2
 Hailstorm                Conj/Ice       1%         3d3       100%        3
 Teleport Other           Tloc           7%         N/A       100%        3
 Ice Form                 Ice/Tmut       1%         N/A       100%        4
 Manifold Assault         Tloc           7%         N/A       100%        4
 Simulacrum               Ice/Necr       0%         N/A       100%        6


Dungeon Overview and Level Annotations

Branches:
Dungeon (6/15)
 Temple: D:4-7

Altars:
Ashenzari
Elyvilon
Gozag
Hepliaklqana
Qazlal
Trog
Vehumet
Xom
Yredelemnul


Innate Abilities, Weirdness & Mutations

You have a beak for a mouth.
You have claws for feet.
Your magical nature lets you fly swiftly and evasively.


Message History

You hear an angry hiss.
An ogre comes into view. It is wielding a +0 giant spiked club.
An orc comes into view. It is wielding a +0 hand axe.
You see here a scorpion corpse.
There is a stone staircase leading down here.
You start waiting.
An orc is nearby!
You barely miss the orc. Your kick misses the orc.
The orc hits you but does no damage.
You slash the orc!
You kill the orc!
You barely miss the ogre. You claw the ogre. You peck the ogre.
The ogre is moderately wounded.
The ogre hits you with a +0 giant spiked club!!
Ouch! That really hurt!
You hit the ogre but do no damage. You peck the ogre, but do no damage.
The ogre is moderately wounded.
You barely miss the ogre. You peck the ogre.
The ogre is heavily wounded.
The ogre hits you with a +0 giant spiked club!
* * * LOW HITPOINT WARNING * * *
Throw: 2 darts (curare)
Press: ? - help, Q - select action, (/) - cycle Shift-Dir - straight line, f - ogre
Aim: an ogre, wielding a +0 giant spiked club (heavily wounded, 74% to hit)
You throw a curare-tipped dart. The curare-tipped dart hits the ogre.
The ogre is poisoned.
The ogre convulses.
The ogre seems to slow down.
The ogre is heavily wounded.
You feel a bit more experienced.
Throw: dart (curare)
Press: ? - help, Q - select action, (/) - cycle Shift-Dir - straight line, f - orc priest
Aim: an orc priest, wielding a +0 mace (59% to hit)
You throw a curare-tipped dart.
The curare-tipped dart hits the orc priest.
The orc priest is poisoned.
The orc priest convulses.
The orc priest seems to slow down.
The orc priest is severely wounded.
The orc priest calls down the wrath of Beogh upon you.
Beogh smites you!
You die...

#. ##.. #########. ....
#......... # #...
#..###.#.# ..#... #..#
#.#.# ......###### #..#
#....
#.o.......########..#
###..
.#..#................##
#..
...........@......o.#.#
#.#
.##.#.####.########..##
#.# .. #.#### #.## #.#
#. #.##.#####O# ..
#†#.#..o...# .#
#..###.##### #.## ##.#
##.###.## ##.#O##


You could see an orc priest (very poisoned, slow).

Vanquished Creatures
  Grinder (D:3)
  2 ogres
  A centaur (D:5)
  A scorpion (D:5)
  4 wights (D:4)
  2 orc priests (D:2)
  A hound (D:4)
  Ijyb (D:3)
  An orc wizard (D:2)
  2 adders
  An ufetubus (D:4)
  A dart slug (D:3)
  12 orcs
  9 ball pythons
  6 bats
  8 endoplasms
  2 giant cockroaches
  7 goblins
  5 hobgoblins
  11 jackals (D:2)
  2 quokkas
  7 frilled lizards
  8 kobolds
  11 rats
106 creatures vanquished.

Notes
Turn   | Place    | Note
-------+----------+-------------------------------------------
     0 | D:1      | Leeroy the Tengu Warper began the quest for the Orb.
     0 | D:1      | Reached XP level 1. HP: 12/12 MP: 4/4
    96 | D:1      | Reached XP level 2. HP: 17/17 MP: 6/6
    97 | D:1      | Reached skill level 3 in Long Blades
   215 | D:1      | Reached XP level 3. HP: 21/21 MP: 7/7
   282 | D:1      | Reached skill level 4 in Long Blades
   730 | D:2      | Reached XP level 4. HP: 25/26 MP: 8/8
   745 | D:2      | Learned a level 2 spell: Blink
   760 | D:2      | Reached skill level 5 in Long Blades
   788 | D:2      | HP: 1/26 [orc priest/+0 war axe (5)]
   790 | D:2      | Gained mutation: Your magical nature lets you fly swiftly
                  | and evasively. [Tengu growth]
   790 | D:2      | Reached XP level 5. HP: 1/30 MP: 9/9
   913 | D:1      | Learned a level 3 spell: Vhi's Electric Charge
  1071 | D:2      | Reached skill level 6 in Long Blades
  1509 | D:2      | Found a faded altar of an unknown god.
  1542 | D:3      | Noticed Grinder
  1578 | D:3      | Paralysed by Grinder for 4 turns
  1583 | D:3      | Found an opulent altar of Gozag.
  1696 | D:3      | You are sucked into a shaft and drop 3 floors!
  1704 | D:5      | Entered Level 5 of the Dungeon
  1719 | D:5      | Found a basalt altar of Yredelemnul.
  1720 | D:5      | Found a stormy altar of Qazlal.
  1720 | D:5      | Found a shimmering altar of Xom.
  1721 | D:5      | Found a white marble altar of Elyvilon.
  1721 | D:5      | Found a bloodstained altar of Trog.
  1721 | D:5      | Noticed a centaur
  1722 | D:5      | Found a radiant altar of Vehumet.
  1859 | D:4      | Found a hazy altar of Hepliaklqana.
  1958 | D:4      | Reached XP level 6. HP: 35/35 MP: 10/10
  1967 | D:4      | Reached skill level 7 in Long Blades
  2321 | D:3      | Noticed Ijyb
  2333 | D:3      | Killed Ijyb
  2435 | D:3      | Killed Grinder
  2436 | D:3      | Reached skill level 8 in Long Blades
  2436 | D:3      | Reached XP level 7. HP: 31/40 MP: 11/11
  3307 | D:4      | Reached skill level 9 in Long Blades
  3498 | D:5      | Found a broken altar of Ashenzari.
  3573 | D:5      | Reached XP level 8. HP: 44/44 MP: 12/12
  3662 | D:5      | Killed from afar by an orc priest

Illustrated notes

Levels and vault maps discovered:
D:1:      minmay_arrival_stair_chambers, layout_rooms
D:2:      cheibrodos_pilgrimage, layout_loops_ring,
          hellmonk_ecumenical_altar_defaced_shrine
D:3:      layout_rooms, mainiacjoe_overflow_concentric_impassable,
          minmay_misc_feat_chi, uniq_grinder, uniq_ijyb
D:4:      layout_basic, nicolae_hepliaklqana_hippocampus,
          kennysheep_generic_room_10
D:5:      layout_loops_ring, mainiacjoe_overflow_paths, ashenzari_altar_1,
          grunt_temple_overflow_open, minmay_temple_entry_ruins
D:6:      layout_cave_pools, nicolae_shop_firing_range

Skill      XL: |  1  2  3  4  5  6  7  8 |
---------------+-------------------------+-----
Long Blades    | 3 4 5 6 8 9 |  9.6
Armour         | 2 3 |  3.5
Fighting       | |  2.0
Throwing       | |  1.0
Dodging        | |  2.1
Spellcasting   | |  2.0
Translocations | |  2.4
Evocations     | |  0.3

Action                   |  1- 3 |  4- 6 |  7- 9 || total
-------------------------+-------+-------+-------++-------
Melee: Falchion          |    93 |    95 |       ||   188
       Kick              |    20 |    28 |    19 ||    67
       Peck              |     5 |    18 |    11 ||    34
       Scimitar          |       |    22 |    47 ||    69
Throw: Javelin           |       |     9 |       ||     9
       Boomerang         |       |     2 |       ||     2
       Dart              |       |       |     7 ||     7
Evoke: Wand              |       |     3 |       ||     3
  Use: Potion            |       |     4 |       ||     4
       Scroll            |       |     1 |       ||     1
Armor: Leather armour    |    28 |       |       ||    28
       Plate armour      |    41 |    96 |    28 ||   165
       Skin              |       |    46 |       ||    46
Dodge: Dodged            |    54 |    25 |     6 ||    85

Table legend: (Time is in decaauts)
 A = Elapsed time spent in this place.
 B = Non-inter-level travel time spent in this place.
 C = Inter-level travel time spent in this place.
 D = Time resting spent in this place.
 E = Time spent auto-exploring this place.
 F = Levels seen in this place.
 G = Mean time per level.
                   A        B        C        D        E       F      G
               +--------+--------+--------+--------+--------+-----+--------+
         Total |   3477 |   3386 |     91 |    154 |   2340 |   6 |  579.5 |
       Dungeon |   3477 |   3386 |     91 |    154 |   2340 |   6 |  579.5 |
               +--------+--------+--------+--------+--------+-----+--------+

Top non-repeatable levels by time:
     D:4: 1136 daAuts
     D:2: 856 daAuts
     D:1: 666 daAuts
     D:3: 597 daAuts
     D:5: 213 daAuts
     D:6: 7 daAuts
